[Event "Early Titled Tuesday Blitz | February 8 2022"]
[White "Tarhan, Adar"]
[Black "Stefanov, Plamen"]
[WhiteFideId "34544712"]
[BlackFideId "2900980"]
[WhiteElo "1802"]
[BlackElo "2137"]
[Result "1-0"]
[Round "03"]
[TimeControl "180+1"]
[Date "2022.02.08"]
[WhiteClock "0:00:53"]
[BlackClock "0:00:20"]

1. d4 Nf6 2. Bg5 c5 3. Bxf6 gxf6 4. e3 Qb6 5. b3 Bg7 6. c3 O-O 7. Bd3 cxd4 8. Qh5 h6 9. cxd4 d6 10. Nd2 e5 11. d5 Na6 12. Ngf3 Nb4 13. Bf5 Bxf5 14. Qxf5 e4 15. Nxe4 Nc2+ 16. Kd2 Nxa1 17. Rxa1 Qd8 18. Nd4 Re8 19. Ng3 Re5 20. Qf3 Qa5+ 21. Ke2 Qxd5 22. Qg4 Rg5 23. Qd7 f5 24. Rd1 Qxg2 25. Ndxf5 Kh7 26. Qxf7 Rf8 27. Qd7 Rxg3 28. hxg3 Kg8 29. Qxg7# 1-0


[Site "https://www.chess.com"]

[Event "Early Titled Tuesday Blitz | February 8 2022"]
[White "Tay, Junior"]
[Black "Goryachkina, Aleksandra"]
[WhiteFideId "5800439"]
[BlackFideId "4147103"]
[WhiteElo "2216"]
[BlackElo "2426"]
[Result "0-1"]
[Round "03"]
[TimeControl "180+1"]
[Date "2022.02.08"]
[WhiteClock "0:00:06"]
[BlackClock "0:00:20"]

1. Nc3 c5 2. e4 e6 3. f4 d5 4. Nf3 Nf6 5. Bb5+ Bd7 6. Qe2 dxe4 7. Nxe4 Nxe4 8. Bxd7+ Qxd7 9. Qxe4 Bd6 10. O-O O-O 11. b3 Nc6 12. Bb2 f5 13. Qc4 Rae8 14. Rae1 h6 15. Kh1 Kh7 16. Ne5 Bxe5 17. Bxe5 Qxd2 18. Qxc5 Nxe5 19. Rxe5 Rc8 20. Qxa7 Rxc2 21. Rg1 Rfc8 22. Ree1 Rc1 23. Rxc1 Rxc1 24. a4 Rxg1+ 25. Qxg1 Qxf4 26. Qb1 Qb4 27. h3 Kg6 28. Qd3 e5 29. Kh2 e4 30. Qe3 Kf6 31. Qg3 g5 32. Qc7 Qxb3 33. Qd8+ Ke5 34. Qh8+ Kf4 35. Qxh6 e3 36. a5 e2 37. g3+ Qxg3+ 38. Kh1 e1=Q# 0-1


[Site "https://www.chess.com"]

[Event "Early Titled Tuesday Blitz | February 8 2022"]
[White "Ter-Sahakyan, Samvel"]
[Black "Batsiashvili, Nino"]
[WhiteFideId "13302531"]
[BlackFideId "13602993"]
[WhiteElo "2592"]
[BlackElo "2230"]
[Result "1-0"]
[Round "03"]
[TimeControl "180+1"]
[Date "2022.02.08"]
[WhiteClock "0:00:08"]
[BlackClock "0:00:15"]

1. d4 d5 2. c4 e6 3. Nc3 a6 4. cxd5 exd5 5. Nf3 Nf6 6. Bg5 Be6 7. Bxf6 Qxf6 8. Qb3 Ra7 9. e3 Qd8 10. h4 Be7 11. Qc2 b5 12. Bd3 h6 13. Bf5 Bxf5 14. Qxf5 c6 15. Rc1 O-O 16. g4 Qd7 17. Qxd7 Nxd7 18. Ke2 Re8 19. g5 h5 20. Rc2 Bd6 21. Nb1 Nb8 22. Nbd2 a5 23. Nb3 a4 24. Nc5 Rae7 25. Nd3 f6 26. Rg1 Kh7 27. Rcc1 a3 28. b3 Re4 29. Rg2 Rg4 30. Rcg1 Ree4 31. Rxg4 Rxg4 32. Rh1 Kg6 33. gxf6 gxf6 34. Ng1 Kf5 35. Kf3 Nd7 36. Ne2 Rg8 37. Rc1 Nb8 38. Ndf4 Rg4 39. Rh1 Nd7 40. Nxh5 Rg8 41. Rc1 Nb8 42. Nhg3+ Ke6 43. Nf4+ Kd7 44. h5 Na6 45. Nd3 Rh8 46. Rh1 Rh7 47. Nf5 Ke6 48. Nxd6 Kxd6 49. h6 c5 50. dxc5+ Nxc5 51. Nxc5 Kxc5 52. Rh4 d4 53. exd4+ Kb4 54. d5+ Kc3 55. d6 Kb2 56. Rd4 Rxh6 57. d7 Rh8 58. Rd2+ Kc3 59. d8=Q Rxd8 60. Rxd8 Kb2 61. Rd2+ Ka1 62. Ke3 b4 63. Kd3 Kb1 64. f4 Ka1 65. Rh2 f5 66. Kc4 Kb1 67. Kxb4 Ka1 68. Kc3 Kb1 69. b4 Ka1 70. Kb3 Kb1 71. Rh1# 1-0


[Site "https://www.chess.com"]

[Event "Early Titled Tuesday Blitz | February 8 2022"]
[White "Terletsky, Oleg"]
[Black "Flis, Pawel"]
[WhiteFideId "14116774"]
[BlackFideId "1112864"]
[WhiteElo "2050"]
[BlackElo "1735"]
[Result "1-0"]
[Round "03"]
[TimeControl "180+1"]
[Date "2022.02.08"]
[WhiteClock "0:00:09"]
[BlackClock "0:00:04"]

1. e4 c5 2. Nf3 d6 3. d4 Nf6 4. Nc3 cxd4 5. Nxd4 a6 6. Bc4 e6 7. O-O b5 8. Bb3 Be7 9. a4 b4 10. Na2 Nxe4 11. Nxb4 d5 12. Nbc6 Nxc6 13. Nxc6 Qc7 14. Nxe7 Qxe7 15. c4 O-O 16. cxd5 exd5 17. Bxd5 Bb7 18. Bxb7 Qxb7 19. Qf3 Qb4 20. Be3 Nd2 21. Bxd2 Qxd2 22. Rab1 Rab8 23. Rfd1 Qb4 24. b3 Rfe8 25. g3 h6 26. Rd7 Re1+ 27. Rxe1 Qxe1+ 28. Kg2 Qe6 29. Rb7 Re8 30. a5 f6 31. b4 Rd8 32. h3 Kh7 33. h4 Rd4 34. Rb6 Qd7 35. h5 Rd5 36. Rxa6 f5 37. Rb6 Rd3 38. Qb7 Qd4 39. Qc6 1-0


[Site "https://www.chess.com"]

[Event "Early Titled Tuesday Blitz | February 8 2022"]
[White "Thomas, Anysia"]
[Black "Shtyka, Sergey"]
[WhiteFideId "670472"]
[BlackFideId "4138465"]
[WhiteElo "2002"]
[BlackElo "2014"]
[Result "0-1"]
[Round "03"]
[TimeControl "180+1"]
[Date "2022.02.08"]
[WhiteClock "0:00:56"]
[BlackClock "0:01:07"]

1. d4 c5 2. d5 e5 3. Nc3 d6 4. e4 Be7 5. Bb5+ Bd7 6. a4 Bg5 7. Qg4 Bxc1 8. Rxc1 g6 9. Nf3 Nf6 10. Qh4 O-O 11. h3 a6 12. Be2 Qe7 13. Qh6 Bc8 14. g4 Nbd7 15. Nh4 Kh8 16. Rg1 Ng8 17. Qd2 Qxh4 18. Rg3 f6 19. Nd1 f5 20. gxf5 gxf5 21. exf5 Ndf6 22. Ne3 Qxa4 23. Nc4 Ne4 24. Qh6 Nxh6 0-1


[Site "https://www.chess.com"]

[Event "Early Titled Tuesday Blitz | February 8 2022"]
[White "Timofeev, Artyom"]
[Black "Jaracz, Pawel"]
[WhiteFideId "4140419"]
[BlackFideId "1102222"]
[WhiteElo "2583"]
[BlackElo "2429"]
[Result "1/2-1/2"]
[Round "03"]
[TimeControl "180+1"]
[Date "2022.02.08"]
[WhiteClock "0:00:55"]
[BlackClock "0:00:16"]

1. d4 Nf6 2. Nf3 e6 3. Bg5 h6 4. Bxf6 Qxf6 5. e4 d6 6. Nc3 Qd8 7. Bd3 Nd7 8. Qe2 a6 9. O-O-O b5 10. Kb1 Be7 11. Qe3 c5 12. dxc5 Nxc5 13. e5 d5 14. Nd4 Bd7 15. f4 Qb6 16. Rhf1 g6 17. g4 O-O-O 18. f5 gxf5 19. gxf5 Bg5 20. Qf2 b4 21. Nce2 Kb8 22. h4 Be7 23. Nf4 Ne4 24. Bxe4 dxe4 25. fxe6 Bxe6 26. Nfxe6 fxe6 27. Qf7 Rhf8 28. Qxe7 Rxf1 29. Rxf1 Qxd4 30. Rc1 e3 31. Qxe6 e2 32. Qxa6 Qd2 33. Qb5+ Kc7 34. Qc5+ Kb7 35. Qb5+ Ka7 36. Qa5+ Kb7 37. Qb5+ Ka7 38. Qa5+ Kb7 39. Qb5+ 1/2-1/2


[Site "https://www.chess.com"]

[Event "Early Titled Tuesday Blitz | February 8 2022"]
[White "Todorovic, Bojan"]
[Black "Samarth, J Rao"]
[WhiteFideId "917087"]
[BlackFideId "46652370"]
[WhiteElo "2266"]
[BlackElo "1514"]
[Result "1-0"]
[Round "03"]
[TimeControl "180+1"]
[Date "2022.02.08"]
[WhiteClock "0:00:05"]
[BlackClock "0:00:02"]

1. Nf3 Nf6 2. c4 e6 3. g3 d5 4. Bg2 Be7 5. O-O O-O 6. b3 b6 7. Bb2 Bb7 8. d4 dxc4 9. bxc4 c5 10. Nbd2 Na6 11. e3 Qc7 12. Rc1 Rfd8 13. Qb3 Rac8 14. Rfd1 Ne4 15. Nxe4 Bxe4 16. d5 exd5 17. cxd5 Nb4 18. d6 Rxd6 19. Ne5 Bxg2 20. Qxf7+ Kh8 21. Kxg2 Rf6 22. Qh5 Rcf8 23. f4 Bd6 24. Ng4 Re6 25. Kf2 c4 26. Qg5 Qf7 27. Nh6 Rxh6 28. Qxh6 Bc5 29. Rxc4 Kg8 30. Qg5 Be7 31. Qe5 Bf6 32. Qe4 Bxb2 33. Rxb4 Qxa2 34. Rd2 Qa3 35. Qc4+ Kh8 36. Rbxb2 Qe7 37. Re2 Qd7 38. e4 Qh3 39. Kg1 Qg4 40. Re1 Qf3 41. Rf2 Qa3 42. e5 Re8 43. Qe4 Qc5 44. f5 a6 45. Kg2 b5 46. f6 gxf6 47. Rxf6 b4 48. Qf3 Rxe5 49. Rf8+ 1-0


[Site "https://www.chess.com"]

[Event "Early Titled Tuesday Blitz | February 8 2022"]
[White "Tologon tegin, Semetei"]
[Black "Goldin, Roman"]
[WhiteFideId "13800574"]
[BlackFideId "2803860"]
[WhiteElo "2258"]
[BlackElo "2312"]
[Result "1-0"]
[Round "03"]
[TimeControl "180+1"]
[Date "2022.02.08"]
[WhiteClock "0:00:10"]
[BlackClock "0:00:01"]

1. e4 Nc6 2. Nc3 Nf6 3. Bc4 Nxe4 4. Bxf7+ Kxf7 5. Nxe4 e5 6. d4 Nxd4 7. c3 Ne6 8. Qh5+ g6 9. Qxe5 Bg7 10. Qd5 Re8 11. Nf3 Kg8 12. Bg5 c6 13. Qb3 Qc7 14. Nf6+ Bxf6 15. Bxf6 d5 16. O-O Nc5 17. Qb4 Ne4 18. Be5 Qf7 19. Rae1 Bg4 20. Rxe4 dxe4 21. Ng5 Qd5 22. Qxb7 Bd7 23. f4 h6 24. Nxe4 Qxe4 25. Qxd7 Rxe5 26. fxe5 Qe3+ 27. Kh1 Qxe5 28. Qxc6 Qe8 29. Qd5+ 1-0


[Site "https://www.chess.com"]

[Event "Early Titled Tuesday Blitz | February 8 2022"]
[White "Toncheva, Nadya"]
[Black "Tuleyeva-Aketayeva, Dana"]
[WhiteFideId "2924056"]
[BlackFideId "13701932"]
[WhiteElo "1920"]
[BlackElo "1944"]
[Result "1-0"]
[Round "03"]
[TimeControl "180+1"]
[Date "2022.02.08"]
[WhiteClock "0:00:49"]
[BlackClock "0:00:01"]

1. d4 Nf6 2. c4 e6 3. Nc3 c5 4. d5 exd5 5. cxd5 d6 6. e4 g6 7. f4 Bg7 8. Bb5+ Nfd7 9. Nf3 a6 10. Be2 b5 11. O-O O-O 12. a4 b4 13. Nb1 Qb6 14. Kh1 a5 15. Nbd2 Ba6 16. Bxa6 Nxa6 17. Nc4 Qc7 18. Qc2 Nb6 19. Nxb6 Qxb6 20. Nd2 b3 21. Qxb3 Qxb3 22. Nxb3 Nb4 23. Rb1 Rfb8 24. Rf3 Nc2 25. Nd2 Rb4 26. b3 Nd4 27. Rd3 Rab8 28. Ba3 c4 29. Bxb4 cxd3 30. Bxd6 Re8 31. Bc5 Rc8 32. Bxd4 Bxd4 33. Nc4 Bc3 34. Rd1 Rb8 35. Rxd3 Rxb3 36. g3 Rb1+ 37. Kg2 Bb4 38. d6 Bc5 39. d7 Rg1+ 40. Kh3 Rd1 41. Rxd1 1-0


[Site "https://www.chess.com"]

[Event "Early Titled Tuesday Blitz | February 8 2022"]
[White "Tymrakiewicz, Rafal"]
[Black "Gunina, Valentina"]
[WhiteFideId "1108832"]
[BlackFideId "4167570"]
[WhiteElo "2205"]
[BlackElo "2465"]
[Result "1-0"]
[Round "03"]
[TimeControl "180+1"]
[Date "2022.02.08"]
[WhiteClock "0:00:06"]
[BlackClock "0:00:14"]

1. d4 d5 2. Bg5 f6 3. Bf4 c5 4. e3 h5 5. Bd3 Kf7 6. h3 c4 7. Be2 h4 8. e4 dxe4 9. Bxc4+ e6 10. Nc3 Bb4 11. Ne2 Ne7 12. O-O Nd5 13. Nxe4 Nc6 14. c3 Be7 15. Bh2 b6 16. Nf4 Nxf4 17. Bxf4 Na5 18. Bd3 Bb7 19. Re1 Qd5 20. Qf3 Rad8 21. Re2 e5 22. Bxe5 Kg8 23. Bf4 Qf7 24. Qe3 Bf8 25. Rae1 Nc4 26. Bxc4 Qxc4 27. Nd2 Qd5 28. Nf3 g5 29. Bh2 Rh7 30. b3 Rf7 31. Qd3 b5 32. Qg6+ Bg7 33. Re7 Rdf8 34. Rxf7 Qxf7 35. Qxf7+ Kxf7 36. Nd2 Rc8 37. c4 a5 38. d5 a4 39. d6 f5 40. Re7+ Kg6 41. Rxb7 bxc4 42. bxc4 Re8 43. Kf1 Bc3 44. d7 1-0


[Site "https://www.chess.com"]

[Event "Early Titled Tuesday Blitz | February 8 2022"]
[White "Urazayev, Arystanbek"]
[Black "Lazavik, Denis"]
[WhiteFideId "13709810"]
[BlackFideId "13515110"]
[WhiteElo "2321"]
[BlackElo "2436"]
[Result "1-0"]
[Round "03"]
[TimeControl "180+1"]
[Date "2022.02.08"]
[WhiteClock "0:00:42"]
[BlackClock "0:00:21"]

1. e4 e5 2. Nf3 Nc6 3. Bb5 a6 4. Ba4 Nf6 5. d3 d6 6. c4 g6 7. Nc3 Bg7 8. Nd5 O-O 9. Bg5 Nb8 10. O-O c6 11. Nc3 h6 12. Bh4 Nbd7 13. d4 exd4 14. Nxd4 Qb6 15. Nde2 Re8 16. Bc2 Qc5 17. b3 Nh5 18. Rc1 Ndf6 19. Na4 Qa3 20. Ng3 Nf4 21. Nb6 Bg4 22. Qd2 g5 23. Nxa8 Rxa8 24. f3 Be6 25. Nf5 Bxf5 26. exf5 Qxa2 27. Bg3 N6h5 28. f6 Bxf6 29. Bh7+ 1-0


[Site "https://www.chess.com"]

[Event "Early Titled Tuesday Blitz | February 8 2022"]
[White "Vaishali, Rameshbabu"]
[Black "Sychev, Klementy"]
[WhiteFideId "5091756"]
[BlackFideId "4114060"]
[WhiteElo "2642"]
[BlackElo "2866"]
[Result "1/2-1/2"]
[Round "03"]
[TimeControl "180+1"]
[Date "2022.02.08"]
[WhiteClock "0:00:03"]
[BlackClock "0:00:12"]

1. d4 g6 2. e4 Bg7 3. Nc3 d6 4. Bf4 Nc6 5. d5 Ne5 6. Qd2 Nf6 7. O-O-O Bd7 8. Bh6 Bxh6 9. Qxh6 c5 10. h3 Rg8 11. Qd2 g5 12. g3 Qa5 13. f4 gxf4 14. gxf4 Rxg1 15. fxe5 Rxh1 16. exf6 exf6 17. Qg2 Rxf1 18. Qxf1 O-O-O 19. Qxf6 Bxh3 20. Qxf7 Qc7 21. Qxc7+ Kxc7 22. Rh1 Bg2 23. Rxh7+ Kb6 24. b3 Re8 25. Rh4 Ka5 26. Kb2 b5 27. Rh6 b4 28. Na4 Rd8 29. Re6 c4 30. a3 cxb3 31. cxb3 Rf8 32. axb4+ Kxb4 33. Rxd6 Rf2+ 34. Kc1 Kxb3 35. Ra6 Rc2+ 36. Kd1 Bxe4 37. d6 Rc4 38. Ke2 Bf5 39. Rxa7 Rxa4 40. Rxa4 Kxa4 41. d7 Bxd7 1/2-1/2


[Site "https://www.chess.com"]

[Event "Early Titled Tuesday Blitz | February 8 2022"]
[White "Vakhlamov, Igor L."]
[Black "Ponkratov, Pavel"]
[WhiteFideId "24126748"]
[BlackFideId "4157800"]
[WhiteElo "2401"]
[BlackElo "2487"]
[Result "0-1"]
[Round "03"]
[TimeControl "180+1"]
[Date "2022.02.08"]
[WhiteClock "0:02:16"]
[BlackClock "0:02:30"]

1. e4 e5 2. Nf3 Nf6 3. Nc3 Nc6 4. Bb5 Bd6 5. a3 O-O 6. d3 Re8 7. O-O h6 8. h3 Bf8 9. Bc4 d6 10. Nh2 Be6 11. Bxe6 Rxe6 12. Ng4 Nxg4 13. Qxg4 Rg6 14. Qd1 Qh4 15. Kh2 Re8 16. f4 Qg3+ 0-1


[Site "https://www.chess.com"]

[Event "Early Titled Tuesday Blitz | February 8 2022"]
[White "Van den Dikkenberg, Erik"]
[Black "Ratnakaran, K."]
[WhiteFideId "1005880"]
[BlackFideId "5005507"]
[WhiteElo "2118"]
[BlackElo "2391"]
[Result "0-1"]
[Round "03"]
[TimeControl "180+1"]
[Date "2022.02.08"]
[WhiteClock "0:00:19"]
[BlackClock "0:00:49"]

1. e4 e6 2. d4 d5 3. Nc3 Nf6 4. e5 Nfd7 5. f4 c5 6. Nf3 Be7 7. Be3 b6 8. Be2 Ba6 9. O-O O-O 10. Bxa6 Nxa6 11. Qe1 Nb4 12. Rc1 Rc8 13. Kh1 f5 14. Qg3 Kh8 15. Ng5 Bxg5 16. fxg5 cxd4 17. Bxd4 Rc4 18. Ne2 Nxc2 19. Rxc2 Rxc2 20. Nf4 Qe8 21. g6 h6 22. Qa3 Nc5 23. Qxa7 Qb8 24. Qe7 Qd8 25. Qd6 Re8 26. Qc6 Qc8 27. Qxb6 Ne4 28. Qa7 Qd8 29. Qf7 Qe7 30. Bc5 Nxc5 0-1


[Site "https://www.chess.com"]

[Event "Early Titled Tuesday Blitz | February 8 2022"]
[White "Vetokhin, Ilia"]
[Black "Gelman, Alexander"]
[WhiteFideId "24156078"]
[BlackFideId "4118316"]
[WhiteElo "1897"]
[BlackElo "2375"]
[Result "0-1"]
[Round "03"]
[TimeControl "180+1"]
[Date "2022.02.08"]
[WhiteClock "0:00:11"]
[BlackClock "0:00:09"]

1. d4 Nf6 2. c4 c5 3. d5 b5 4. cxb5 a6 5. b6 d6 6. a4 Qxb6 7. Nc3 g6 8. a5 Qb7 9. e4 Bg7 10. Bc4 Nbd7 11. f4 O-O 12. Nf3 Ne8 13. O-O Nc7 14. Re1 Nb5 15. Qd3 Nd4 16. Ra2 Rb8 17. Nxd4 cxd4 18. Na4 Nc5 19. Nxc5 dxc5 20. b3 e6 21. Rae2 exd5 22. Bxd5 Qb5 23. Bc4 Qxa5 24. e5 Bf5 25. Qf3 Qb6 26. g4 Bd7 27. f5 Bc6 28. Qg3 Ba8 29. e6 Qc6 30. exf7+ Kh8 31. Re4 d3 32. Qxd3 Rbd8 33. Qg3 Rd4 34. fxg6 Rxe4 35. Rxe4 Qxe4 36. Bg5 Bd4+ 37. Kf1 Qb1+ 38. Ke2 Qc2+ 39. Kf1 Qxg6 40. h4 Rxf7+ 41. Bxf7 Qxf7+ 42. Ke2 Qe6+ 43. Kd3 Be4+ 44. Kd2 Qd7 45. Qb8+ Kg7 46. Qf4 Be5+ 47. Ke3 Bxf4+ 48. Kxf4 Bc6 49. h5 Qd2+ 50. Kf5 Bd7+ 51. Ke5 Qxg5+ 52. Kd6 Qxg4 53. Kc7 Qxh5 54. Kb6 Qd5 55. Ka5 0-1


[Site "https://www.chess.com"]

[Event "Early Titled Tuesday Blitz | February 8 2022"]
[White "Vivas Zamora, Fabian Ernesto"]
[Black "Golsta, Madara"]
[WhiteFideId "3902480"]
[BlackFideId "11607386"]
[WhiteElo "1966"]
[BlackElo "1997"]
[Result "1-0"]
[Round "03"]
[TimeControl "180+1"]
[Date "2022.02.08"]
[WhiteClock "0:00:09"]
[BlackClock "0:00:01"]

1. c4 Nf6 2. Nc3 g6 3. g3 d5 4. cxd5 Nxd5 5. Qa4+ Nc6 6. Bg2 Be6 7. Nf3 Bg7 8. Ng5 O-O 9. Nxe6 fxe6 10. O-O Nd4 11. e3 Nf3+ 12. Kh1 Ne5 13. Qe4 Qd7 14. Nxd5 exd5 15. Qxd5+ Qxd5 16. Bxd5+ Kh8 17. Bxb7 Rab8 18. Be4 Nc4 19. Rb1 Nxb2 20. d3 Rb6 21. Bd2 h5 22. Ba5 Ra6 23. Bxc7 Rxa2 24. Bxg6 Na4 25. Kg2 Nc3 26. Rb8 Nd5 27. Rxf8+ Bxf8 28. Be5+ Kg8 29. Kf3 Bg7 30. Bxg7 Kxg7 31. Bxh5 Kf6 32. Rc1 a5 33. Rc6+ Kg7 34. Rg6+ Kh7 35. Ra6 a4 36. g4 1-0


[Site "https://www.chess.com"]

[Event "Early Titled Tuesday Blitz | February 8 2022"]
[White "Volkov, Maksim"]
[Black "Shukhman, Anna"]
[WhiteFideId "54123070"]
[BlackFideId "54180058"]
[WhiteElo "2081"]
[BlackElo "1628"]
[Result "1-0"]
[Round "03"]
[TimeControl "180+1"]
[Date "2022.02.08"]
[WhiteClock "0:00:09"]
[BlackClock "0:00:03"]

1. d4 Nf6 2. c4 g6 3. g3 Bg7 4. Bg2 d5 5. cxd5 Nxd5 6. Nf3 O-O 7. O-O c5 8. Nc3 cxd4 9. Nxd4 Nxc3 10. bxc3 Nc6 11. Nxc6 bxc6 12. Bxc6 Rb8 13. Qxd8 Rxd8 14. Ba3 Bxc3 15. Rad1 Ba6 16. Bxe7 Rxd1 17. Rxd1 Bxe2 18. Rd7 Rb1+ 19. Kg2 Rd1 20. Bd5 Bf1+ 21. Kf3 Rd3+ 22. Ke4 Rd4+ 23. Ke3 Rd3+ 24. Kf4 Rd4+ 25. Kg5 Ba5 26. Bxf7+ Kxf7 27. Rxd4 Kxe7 28. Rh4 Bb6 29. Rxh7+ Kd6 30. f4 Bd3 31. Rh6 Be3 32. h4 Kc5 33. h5 gxh5 34. Rxh5 Kb4 35. Kf6 Ka3 36. Ra5+ Kb4 37. Rd5 Bc4 38. Rd7 Ka3 39. Re7 Bd4+ 40. Kg5 Bc5 41. Rc7 Kb4 42. a3+ Kb5 43. a4+ Kb4 44. f5 a5 45. f6 Be3+ 46. Kf5 Kxa4 47. Rxc4+ Kb3 48. Re4 Bc5 49. f7 a4 50. g4 a3 51. Re2 a2 52. Rxa2 Kxa2 53. g5 Kb3 54. Kf6 Kc4 55. g6 Kd5 56. g7 Bd4+ 57. Kg6 Ke6 58. f8=Q 1-0


[Site "https://www.chess.com"]

[Event "Early Titled Tuesday Blitz | February 8 2022"]
[White "Vovk, Orest"]
[Black "Osmonbekov, Talaibek"]
[WhiteFideId "14113490"]
[BlackFideId "2017253"]
[WhiteElo "2203"]
[BlackElo "2135"]
[Result "1-0"]
[Round "03"]
[TimeControl "180+1"]
[Date "2022.02.08"]
[WhiteClock "0:00:10"]
[BlackClock "0:00:18"]

1. h4 f5 2. h5 Nf6 3. h6 g6 4. d4 e6 5. Nc3 b6 6. Bg5 Bb7 7. Nf3 Be7 8. e3 O-O 9. Bc4 Ne4 10. Nxe4 fxe4 11. Bxe7 Qxe7 12. Nd2 d5 13. Bb3 a5 14. c4 Qf6 15. O-O Kh8 16. f3 Qg5 17. f4 Qxh6 18. Qg4 Na6 19. Qxe6 Rae8 20. Qh3 Qxh3 21. gxh3 c6 22. cxd5 cxd5 23. a3 Bc8 24. Bxd5 Bxh3 25. Rfc1 Bf5 26. Rc6 Nb8 27. Rxb6 Nd7 28. Rb5 Rb8 29. Bc6 Nf6 30. Rxb8 Rxb8 31. Rb1 Ng4 32. Nc4 h5 33. b4 axb4 34. axb4 h4 35. b5 h3 36. Rb2 Kg7 37. b6 Kf6 38. b7 g5 39. fxg5+ Kxg5 40. Ra2 h2+ 41. Kh1 Rh8 42. Rb2 Kh4 43. b8=Q Rxb8 44. Rxb8 Kg3 45. Rb2 Nf2+ 46. Rxf2 Kxf2 47. Kxh2 Bg4 48. Bxe4 Be2 49. Bd5 Bxc4 50. Bxc4 Kxe3 51. d5 Kd4 52. d6 Kxc4 53. d7 1-0


[Site "https://www.chess.com"]

[Event "Early Titled Tuesday Blitz | February 8 2022"]
[White "Vusatiuk, Vladimir"]
[Black "Yushko, Olga"]
[WhiteFideId "14118610"]
[BlackFideId "14114500"]
[WhiteElo "2157"]
[BlackElo "2028"]
[Result "0-1"]
[Round "03"]
[TimeControl "180+1"]
[Date "2022.02.08"]
[WhiteClock "0:00:01"]
[BlackClock "0:00:06"]

1. d4 e6 2. c3 f5 3. e4 fxe4 4. f3 exf3 5. Nxf3 Nf6 6. Bd3 d6 7. Bg5 Be7 8. O-O O-O 9. Nbd2 Nbd7 10. Qe2 e5 11. dxe5 Nxe5 12. Nxe5 dxe5 13. Bc4+ Kh8 14. Qxe5 Bd6 15. Qd4 Be7 16. Qh4 c6 17. Rae1 b5 18. Bb3 h6 19. Bxh6 gxh6 20. Qxh6+ Nh7 21. Bc2 Rxf1+ 22. Rxf1 Qg8 23. Ne4 Bg4 24. h3 Be2 25. Rf5 Rf8 26. Rh5 Bxh5 27. Qxh5 Qf7 28. Qe5+ Bf6 29. Qd6 Qe7 30. Qxc6 Bh4 31. Nd2 Qe1+ 0-1


[Site "https://www.chess.com"]

[Event "Early Titled Tuesday Blitz | February 8 2022"]
[White "Weetik, Vjacheslav"]
[Black "Estrada Nieto, Julian"]
[WhiteFideId "4153472"]
[BlackFideId "5101018"]
[WhiteElo "2469"]
[BlackElo "2246"]
[Result "1-0"]
[Round "03"]
[TimeControl "180+1"]
[Date "2022.02.08"]
[WhiteClock "0:00:19"]
[BlackClock "0:00:47"]

1. d4 d5 2. Bf4 Nf6 3. e3 c5 4. c3 Nc6 5. Nd2 e6 6. Bd3 h6 7. Rc1 Bd6 8. Bxd6 Qxd6 9. f4 O-O 10. Ngf3 cxd4 11. cxd4 Nb4 12. Bb1 Qa6 13. Ne5 Nxa2 14. Rc7 Qb6 15. Rc5 Nb4 16. O-O Bd7 17. g4 Bb5 18. g5 hxg5 19. fxg5 Bxf1 20. gxf6 Bh3 21. Bh7+ Kxh7 22. Qh5+ Kg8 23. Qg5 g6 24. Qh6 1-0


[Site "https://www.chess.com"]

[Event "Early Titled Tuesday Blitz | February 8 2022"]
[White "Weishaeutel, Moritz"]
[Black "Hansen, Eric"]
[WhiteFideId "12967300"]
[BlackFideId "2606771"]
[WhiteElo "2002"]
[BlackElo "2568"]
[Result "1-0"]
[Round "03"]
[TimeControl "180+1"]
[Date "2022.02.08"]
[WhiteClock "0:00:43"]
[BlackClock "0:00:08"]

1. e4 e5 2. Nf3 Nc6 3. Nc3 Nf6 4. a3 Be7 5. d4 d6 6. dxe5 Nxe5 7. Nxe5 dxe5 8. Qxd8+ Bxd8 9. f3 c6 10. Bc4 b5 11. Bb3 Bb6 12. Bg5 h6 13. Bh4 Ke7 14. O-O-O Re8 15. Rd3 Kf8 16. Rhd1 g5 17. Bg3 Bc5 18. Rd8 Be3+ 19. Kb1 Bf4 20. Bf2 g4 21. Bc5+ Kg7 22. Rxe8 Nxe8 23. Rd8 Nf6 24. Bf8+ Kg6 25. Be7 gxf3 26. gxf3 Bb7 27. Rd6 Bg5 28. f4 Bxf4 29. Rxf6+ Kh5 30. Bxf7+ Kg4 31. Be6+ Kf3 32. h3 Re8 33. Bd6 Kg2 34. Bg4 a5 35. Ne2 Bh2 36. Bc5 Bc8 37. Rf2+ Kh1 38. Bf3# 1-0


[Site "https://www.chess.com"]

[Event "Early Titled Tuesday Blitz | February 8 2022"]
[White "Williams, Simon K"]
[Black "Farmani Anosheh, Armin"]
[WhiteFideId "404454"]
[BlackFideId "24613240"]
[WhiteElo "2468"]
[BlackElo "2289"]
[Result "1/2-1/2"]
[Round "03"]
[TimeControl "180+1"]
[Date "2022.02.08"]
[WhiteClock "0:00:10"]
[BlackClock "0:00:18"]

1. d4 Nf6 2. Bg5 d5 3. Bxf6 gxf6 4. c4 e5 5. cxd5 Qxd5 6. Nf3 Nc6 7. Nc3 Bb4 8. dxe5 Qxd1+ 9. Rxd1 Bxc3+ 10. bxc3 fxe5 11. e3 Be6 12. a3 f6 13. Bb5 Ke7 14. Nd2 Na5 15. Ne4 b6 16. Ng3 Rad8 17. Ke2 Nc4 18. Bxc4 Bxc4+ 19. Kf3 Ke6 20. e4 Bb3 21. Rxd8 Rxd8 22. Rc1 Rd2 23. Nf5 Ra2 24. h4 Rxa3 25. g4 Ba4 26. g5 fxg5 27. hxg5 Be8 28. Kg4 a5 29. Rh1 Bg6 30. Rd1 Rxc3 31. Rd8 a4 32. Ra8 a3 33. f4 exf4 34. Kxf4 b5 35. Nd4+ Kd7 36. Nxb5 Rc4 37. Rxa3 Rxe4+ 38. Kf3 Re5 39. Nd4 Rxg5 40. Kf4 Rd5 41. Nf3 c5 42. Ra6 c4 43. Ne5+ Ke8 44. Rc6 Bd3 45. Rc7 Rd4+ 46. Kg5 Rd5 47. Kf6 Rd6+ 48. Kg5 h6+ 49. Kf4 Re6 50. Rc8+ Ke7 51. Rc7+ Kd8 52. Rd7+ Kc8 53. Rd5 Re7 54. Nxd3 cxd3 55. Rxd3 Rh7 56. Kg4 h5+ 57. Kh4 Kc7 58. Rd5 Kc6 59. Rxh5 Rxh5+ 60. Kxh5 1/2-1/2


[Site "https://www.chess.com"]

[Event "Early Titled Tuesday Blitz | February 8 2022"]
[White "Winkels, Marcel"]
[Black "Mohammed, Dilshad"]
[WhiteFideId "1003887"]
[BlackFideId "5050421"]
[WhiteElo "1900"]
[BlackElo "2153"]
[Result "0-1"]
[Round "03"]
[TimeControl "180+1"]
[Date "2022.02.08"]
[WhiteClock "0:00:01"]
[BlackClock "0:01:37"]

1. e4 e5 2. Nf3 Nc6 3. Bb5 a6 4. Ba4 Nf6 5. O-O Be7 6. d3 b5 7. Bb3 d6 8. Nc3 O-O 9. Nd5 Na5 10. a3 Nxb3 11. Nxf6+ Bxf6 12. cxb3 c5 13. Be3 Bg4 14. h3 Bh5 15. g4 Bg6 16. Kg2 Qd7 17. Nd2 Rab8 18. f4 exf4 19. Bxf4 Bxb2 20. Ra2 Be5 21. Be3 Qe6 22. Nf3 c4 23. d4 Bf6 24. g5 Be7 25. e5 Be4 26. Bf4 dxe5 27. dxe5 cxb3 28. Rb2 Bd5 29. Kg3 Rbc8 30. Nd4 Rc3+ 31. Kh2 Qxh3+ 32. Kg1 Qh1+ 33. Kf2 Qg2+ 34. Ke1 Qxb2 35. Nf5 Bc5 36. Qxd5 Qb1+ 37. Ke2 Qc2+ 38. Bd2 Rc4 39. e6 Re4+ 40. Kf3 Rxe6 41. g6 hxg6 42. Ne3 Rf6+ 0-1


[Site "https://www.chess.com"]

[Event "Early Titled Tuesday Blitz | February 8 2022"]
[White "Xiong, Jeffery"]
[Black "Visakh N R"]
[WhiteFideId "2047640"]
[BlackFideId "25012223"]
[WhiteElo "2727"]
[BlackElo "2454"]
[Result "1-0"]
[Round "03"]
[TimeControl "180+1"]
[Date "2022.02.08"]
[WhiteClock "0:01:16"]
[BlackClock "0:01:38"]

1. d4 Nf6 2. c4 c5 3. d5 e6 4. Nc3 exd5 5. cxd5 d6 6. Nf3 g6 7. Nd2 Bg7 8. e4 O-O 9. Be2 a6 10. a4 Nbd7 11. O-O Qe7 12. Re1 Ne8 13. Nc4 Ne5 14. Nb6 Rb8 15. Qb3 Qc7 16. Bg5 Nd7 17. Nxc8 Rxc8 18. Be7 c4 19. Qb4 Ne5 20. Bxf8 Kxf8 21. a5 Nf6 22. f4 Nd3 23. Bxd3 cxd3 24. e5 Nd7 25. Ne4 Kg8 26. Qxd6 Qxd6 27. Nxd6 Rc2 28. Rad1 Nc5 29. b4 d2 30. Re2 Nb3 31. Nxb7 Bf8 32. d6 f6 33. e6 1-0


[Site "https://www.chess.com"]